 Dungeon Crawl Stone Soup version 0.30.1-11-g7821555f0a (webtiles) character file.

Game seed: 4389762326595142589

9 comborobin the Sneak (level 1, -4/18 HPs)
             Began as a Demigod Delver on Dec 16, 2023.
             Slain by an elf skeleton (7 damage)
             ... on level 5 of the Dungeon.
             The game lasted 00:00:50 (86 turns).

comborobin the Sneak (Demigod Delver)                 Turns: 86, Time: 00:00:51

Health: -4/18      AC:  3    Str: 13    XL:     1   Next: 86%
Magic:  3/3        EV: 11    Int: 12    God:
Gold:   12         SH:  0    Dex: 15    Spells: 0/0 levels left

rFire   . . .        a - +0 mace
rCold   . . .        (no shield)
rNeg    . . .        b - +0 leather armour
rPois   .            (no helmet)
rElec   .            (no cloak)
rCorr   .            (no gloves)
SInv    .            (no boots)
Will    .....        (no amulet)
Stlth   +++          (no ring)
HPRegen 0.23/turn    (no ring)
MPRegen 0.08/turn

%: no passive effects
@: no status effects
A: high MP 1, forlorn, divine attributes
a: no special abilities


You were on level 5 of the Dungeon.
You visited 1 branch of the dungeon, and saw 2 of its levels.

You collected 12 gold pieces.

Inventory:

Hand Weapons
 a - a +0 mace (weapon)
Armour
 b - a +0 leather armour (worn)
Wands
 g - a wand of digging (1)
Scrolls
 c - a scroll of fog
 e - a scroll of fear


   Skills:
 - Level 2.6 Fighting
 + Level 2.5 Maces & Flails
 - Level 1.7 Dodging
 - Level 4.5 Stealth


You couldn't memorise any spells.
You didn't know any spells.
Your spell library contained the following spells:

 Spells                   Type           Power      Damage    Failure   Level
 Scorch                   Fire           0%         2d5       54%         2
 Flame Wave               Conj/Fire      0%         2d4       99%         4
 Summon Cactus Giant      Summ           0%         N/A       100%        6


Dungeon Overview and Level Annotations

Branches:
Dungeon (6/15)
 Temple: D:4-7

Annotations:
D:5 Sigmund


Innate Abilities, Weirdness & Mutations

You have an increased reservoir of magic. (+10% MP)
You shall have no god before yourself.
Your divine heritage dramatically boosts your attributes as you level up.


Message History

Aiming: Dig
Press: ? - help, Shift-Dir - straight line A rock wall.
The rock shatters into small pieces.
You open the door.
An elf skeleton comes into view.
There is an open door here.
The elf skeleton closely misses you.
You close the door.
Your extra speed is starting to run out.
The elf skeleton hits you but does no damage.
You barely miss the elf skeleton. You hit the elf skeleton.
The elf skeleton is lightly damaged.
The elf skeleton barely misses you.
You closely miss the elf skeleton.
The elf skeleton is lightly damaged.
The elf skeleton hits you.
You hit the elf skeleton.
The elf skeleton is lightly damaged.
You aren't carrying any potions.
Unknown command.
Aiming: Dig
Press: ? - help, Shift-Dir - straight line, f - elf skeleton
Aim: an elf skeleton (lightly damaged, 100% to hit)
Digging in that direction won't affect any walls.
Okay, then.
Unknown command.
Unknown command.
You hit the elf skeleton.
The elf skeleton is moderately damaged.
The elf skeleton hits you.
* * * LOW HITPOINT WARNING * * *
You closely miss the elf skeleton.
The elf skeleton is moderately damaged.
You hit the elf skeleton.
The elf skeleton is moderately damaged.
You feel yourself slow down. The elf skeleton hits you!
You die...

********* *,*,*∩*,* *+*+*+*+*
*,+,,,+,* ***********,,,***
##,,,,,,,*,+,,,+,*
***#...########+#+*+*
****,...#......+@Z.#,*,*
,,,o.o....###.######****
,**#.#.........# *.## ,*
#.#....###.## *#..*** ,*
#.#.#.*##..# ####..,,,** ,*
#....,##.#.# #.#..,,,,,******* ,*
#.#.###.##.###...,***,,,,,,,,,
.###.#.##.###....{.,**,**,,***,**
.........## #.....#,*,_,*,*,**,*


You could see an elf skeleton.

Vanquished Creatures
  An adder (D:5)
1 creature vanquished.

Notes
Turn   | Place    | Note
-------+----------+-------------------------------------------
     0 | D:5      | comborobin the Demigod Delver began the quest for the Orb.
     0 | D:5      | Reached XP level 1. HP: 18/18 MP: 3/3
    10 | D:5      | Noticed an orc wizard
    45 | D:5      | Noticed Sigmund
    86 | D:5      | Slain by an elf skeleton

Illustrated notes

Levels and vault maps discovered:
D:5:      layout_loops_ring, nicolae_dithmenos_through_a_glass_darkly,
          nicolae_ossuary_entry_catacombs, serial_demonic, serial_demonic_f,
          serial_demonic_e, serial_demonic_a, serial_demonic_e,
          serial_demonic_d, serial_demonic_f, hangedman_decor_slide_cut,
          dreamdust_gnoll_farm, uniq_menkaure, uniq_ijyb, uniq_sigmund,
          uniq_duvessa
D:6:      layout_cave_pools, mainiacjoe_overflow_concentric_impassable,
          general_overflow_altar, minmay_temple_entry_proselytizer,
          portal_sewer_entry_d

Skill      XL: |  1 |
---------------+----+-----
Maces & Flails | 2 |  2.5
Fighting       | |  2.6
Dodging        | |  1.7
Stealth        | |  4.5

Action                     || total
---------------------------++-------
  Melee: Mace              ||    11
  Evoke: Wand              ||     2
    Use: Scroll            ||     1
         Potion            ||     1
 Armour: Leather armour    ||     3
  Dodge: Dodged            ||     5
